 Dungeon Crawl Stone Soup version 0.25-a0-591-g2ad0d861f1 (webtiles) character file.

Game seed: 8555941482239211401, levelgen mode: deterministic

848 Cecky the Sneak (level 7, 0/35 HPs)
             Began as a Spriggan Assassin on Mar 14, 2020.
             Shot with an arrow by a centaur (4 damage)
             ... on level 5 of the Dungeon.
             The game lasted 00:26:16 (7689 turns).

Cecky the Sneak (Spriggan Assassin)                 Turns: 7689, Time: 00:26:16

Health: 0/35       AC:  4    Str:  7    XL:     7   Next: 69%
Magic:  8/8        EV: 17    Int: 16    God:
Gold:   160        SH:  0    Dex: 19    Spells: 6/6 levels left

rFire    . . .     SeeInvis +   d - +2 dagger (venom)
rCold    . . .     Gourm    .   (shield restricted)
rNeg     . . .     Faith    .   b - +0 robe
rPois    .         Spirit   .   (helmet restricted)
rElec    .         Reflect  .   y - +1 cloak
rCorr    .         Harm     .   (gloves unavailable)
MR       +....                  (boots unavailable)
Stlth    ++++......             (no amulet)
HPRegen  0.11/turn              w - +3 ring of intelligence
MPRegen  0.11/turn              (no ring)

@: very quick
A: very small, unfitting armour, see invisible, herbivore, speed 3, slow
metabolism 2
a: no special abilities


You were on level 5 of the Dungeon.
You were not hungry.

You visited 1 branch of the dungeon, and saw 5 of its levels.

You collected 160 gold pieces.

Inventory:

Hand Weapons
 d - a +2 dagger of venom (weapon)
 j - a +0 hunting sling
Missiles
 a - 10 poisoned darts (quivered)
 e - 2 curare-tipped darts
 h - 148 stones
 p - 7 boomerangs
 x - 6 silver boomerangs
Armour
 b - a +0 robe (worn)
 c - a +0 cloak
 y - a +1 cloak (worn)
Jewellery
 l - an uncursed ring of flight
 w - a +3 ring of intelligence (left hand)
Wands
 n - a wand of polymorph (7)
 s - a wand of acid (5)
 v - a wand of digging (2)
 B - a wand of paralysis (6)
Scrolls
 g - 5 scrolls of identify {unknown}
 o - 3 scrolls of teleportation {unknown}
 q - 3 scrolls of remove curse
 t - a scroll of amnesia {unknown}
 u - 2 scrolls of fear {unknown}
Potions
 i - 3 potions of heal wounds
 k - a potion of stabbing {unknown}
 r - a potion of lignification {unknown}
 z - a potion of ambrosia {unknown}
 A - 2 potions of degeneration {unknown}
Comestibles
 f - 8 rations


   Skills:
 + Level 2.5 Fighting
 * Level 6.2 Short Blades
 + Level 5.9 Throwing
 - Level 1.5 Dodging
 - Level 7.4 Stealth


You had 6 spell levels left.
You didn't know any spells.
Your spell library was empty.

Dungeon Overview and Level Annotations

Branches:
Dungeon (5/15)
 Temple: D:4-7

Altars:
Ashenzari
Cheibriados
Hepliaklqana
Makhleb
Nemelex Xobeh
Ru
Wu Jian
Yredelemnul

Annotations:
D:3 2 transporters, mervunxd's ghost, amateur DrBe


Innate Abilities, Weirdness & Mutations

You are very small and have problems with some larger weapons.
You are too small for most types of armour.
You have supernaturally acute eyesight. (SInv)
You are a herbivore.
You cover ground extremely quickly.
You need to consume almost no food.


Message History

The centaur wields a +0 shortbow.
The centaur shoots an arrow.
The arrow hits you!
You see here an arrow.
An orc comes into view. It is wielding a +0 hand axe.
The centaur shoots an arrow.
The arrow hits you!
The centaur shoots an arrow.
The arrow misses you.
The orc shouts!
You see here an arrow.
You are too injured to fight recklessly!
You are too injured to fight recklessly!
You are too injured to fight recklessly!
Unknown command.
The centaur shoots an arrow.
The arrow completely misses you.
The centaur shoots an arrow.
The arrow hits you!
* * * LOW HITPOINT WARNING * * *
You see here an arrow.
As you read the scroll labeled LODWABOFIA, it crumbles to dust.
The scroll dissolves into smoke.
It was a scroll of fog.
The centaur shoots an arrow.
The arrow hits you.
You die...

#............####.####....
##o.......................
.#............#.#.###......
......c.....#......#....^..
......(............###.....
...#...((...###.#....##....
..(....(......#.#.....#...#
...c.....§§§...............
#...#....§@§...##<.....##..
#...#...§§§§....#...##.##..
........§.(.§......###..##.
#...###............##..##..
.... #.#..........#.......
... #.#..................
....###.#.....#.#.##.......
#...........#............
#...##.......####.####..


You could see 2 centaurs and an orc.

Vanquished Creatures
  A phantom (D:4)
  An ogre (D:5)
  A crimson imp (D:5)
  5 orc priests
  5 orc wizards
  Ijyb (D:3)
  An iguana (D:4)
  2 worker ants
  8 adders
  3 gnolls (D:2)
  2 oozes (D:4)
  An adder skeleton (D:5)
  4 worms
  5 dart slugs
  6 leopard geckos
  19 orcs
  6 bats
  4 giant cockroaches
  9 goblins
  9 hobgoblins
  3 quokkas
  4 frilled lizards
  10 kobolds
  A quokka zombie (D:5)
  12 rats
123 creatures vanquished.

Notes
Turn   | Place    | Note
-------+----------+-------------------------------------------
     0 | D:1      | Cecky the Spriggan Assassin began the quest for the Orb.
     0 | D:1      | Reached XP level 1. HP: 10/10 MP: 2/2
    37 | D:1      | Reached skill level 6 in Stealth
   150 | D:1      | Reached XP level 2. HP: 14/14 MP: 3/3
   533 | D:1      | Found a shattered altar of Ashenzari.
   747 | D:2      | Reached skill level 7 in Stealth
   923 | D:2      | Reached XP level 3. HP: 18/18 MP: 4/4
  1343 | D:2      | Reached XP level 4. HP: 23/23 MP: 5/5
  1570 | D:2      | Found a sacrificial altar of Ru.
  1577 | D:2      | Found a basalt altar of Yredelemnul.
  1938 | D:2      | Found a snail-covered altar of Cheibriados.
  2822 | D:3      | Reached XP level 5. HP: 26/26 MP: 6/6
  2923 | D:3      | Found a transporter.
  3111 | D:3      | Noticed Ijyb
  3148 | D:3      | Killed Ijyb
  3900 | D:3      | Found a transporter.
  3903 | D:3      | Noticed mervunxd's ghost (amateur DrBe)
  4071 | D:3      | Reached XP level 6. HP: 15/30 MP: 7/7
  5239 | D:4      | Reached skill level 5 in Short Blades
  5785 | D:4      | Reached skill level 5 in Throwing
  5896 | D:4      | Reached XP level 7. HP: 9/35 MP: 8/8
  6539 | D:4      | Found a sparkling altar of Nemelex Xobeh.
  6704 | D:4      | Found an ornate altar of the Wu Jian Council.
  6765 | D:5      | Entered Level 5 of the Dungeon
  7093 | D:5      | Found a hazy altar of Hepliaklqana.
  7137 | D:5      | Found a burning altar of Makhleb.
  7571 | D:5      | Paralysed by a crimson imp for 5 turns
  7689 | D:5      | Shot with an arrow by a centaur

Levels and vault maps discovered:
D:1:      lemuel_arrival_room, layout_basic, serial_bayou_pond_e,
          ashenzari_altar_1
D:2:      layout_basic, lemuel_coloured_pillars_altar,
          amethyst_overflow_temple_binary
D:3:      layout_basic, gammafunk_ghost_stat_death, kennysheep_generic_room_8,
          uniq_ijyb
D:4:      layout_basic, kennysheep_mini, first_ration, nemelex_dance_club_becter
D:5:      layout_cave_pools, nicolae_overflow_crystal_walls, old_standard_altar,
          uniq_duvessa

Skill      XL: |  1  2  3  4  5  6  7 |
---------------+----------------------+-----
Stealth        | 6 7 |  7.4
Short Blades   | 3 4 5 6 |  6.2
Throwing       | 3 5 |  5.9
Fighting       | 2 |  2.5
Dodging        | |  1.5

Action                   |  1- 3 |  4- 6 |  7- 9 || total
-------------------------+-------+-------+-------++-------
Melee: Dagger            |    70 |   159 |   149 ||   378
Throw: Dart              |    25 |    86 |       ||   111
       Stone             |       |    16 |       ||    16
  Use: Scroll            |       |     1 |     1 ||     2
       Potion            |       |       |     1 ||     1
 Stab: Sleeping          |    18 |    15 |     5 ||    38
       Distracted        |       |     1 |       ||     1
  Eat: Ration            |       |     1 |     1 ||     2
Armor: Robe              |    14 |    15 |    15 ||    44
Dodge: Dodged            |    46 |    82 |    68 ||   196

Table legend:
 A = Non-vault XP
 B = Vault XP
 C = Vault XP percentage of total XP
 D = Non-vault monster count
 E = Vault monster count
 F = Vault count percentage of total count
                 A         B        C        D         E       F
            +---------+---------+-------+---------+---------+-------
      Total |    1166 |      46 |   3.8 |     120 |       3 |   2.4
            +---------+---------+-------+---------+---------+-------
        D:1 |      31 |       0 |   0.0 |      19 |       0 |   0.0
        D:2 |     147 |       0 |   0.0 |      34 |       0 |   0.0
        D:3 |     210 |      36 |  14.6 |      29 |       1 |   3.3
        D:4 |     530 |      10 |   1.9 |      23 |       2 |   8.0
        D:5 |     248 |       0 |   0.0 |      15 |       0 |   0.0
            +---------+---------+-------+---------+---------+-------
